[Event "3rd VIZAG GM-Open 2022"]
[Site "Visakapatnam"]
[Date "2022.06.13"]
[Round "5.14"]
[White "Gusain, Himal"]
[Black "Arshpreet Singh"]
[Result "1-0"]
[ECO "D35"]
[WhiteElo "2396"]
[BlackElo "1564"]
[Annotator "TA"]
[PlyCount "123"]
[EventDate "2022.06.13"]
[EventType "swiss"]
[EventCountry "IND"]
[SourceTitle "playchess.com"]
[Source "ChessBase"]
[SourceQuality "1"]
[TimeControl "5400+30"]

1. d4 Nf6 2. c4 e6 3. Nc3 d5 4. cxd5 exd5 5. Bg5 Be7 6. e3 Bf5 7. Bxf6 Bxf6 8. Qb3 c6 9. Qxb7 {[%emt 0:00:30] D35: Queen's Gambit Declined: Exchange Variation.} Qb6 10. Qxb6 (10. Qxa8 Qxb2 11. Nd1 Qb4+ 12. Ke2 Qc4+ 13. Kd2 (13. Kf3 Qxf1 14. Qxb8+ Kd7 $16) 13... Qb4+ 14. Ke2 (14. Kc1 Bd8 $17) 14... Qc4+ 15. Kf3 Qxf1 16. Qxb8+ Kd7 17. Qxa7+ (17. Qxh8 Be4+ 18. Kf4 Qxg2) (17. Qb7+ Kd6 $11) 17... Kc8 $14) 10... axb6 11. Kd2 {[%emt 0:00:30] [#] White is slightly better.} b5 $146 ({Predecessor:} 11... O-O 12. Bd3 Be6 13. Nf3 c5 14. Nb5 Nc6 15. a3 Rac8 16. Rac1 Na5 17. Ke2 Bg4 {1-0 (63) Penalver,O (2247)-Bjorklund,T (2174) Lund 2021}) 12. Bd3 Be6 13. Nf3 b4 14. Ne2 {[%emt 0:00:30] White is more active.} c5 15. Bb5+ $1 ({Much worse is} 15. dxc5 Bxb2 16. Nfd4 Bxa1 17. Rxa1 Ke7 $15) 15... Ke7 16. Nf4 (16. dxc5 Bxb2 17. Nfd4 Bxa1 18. Rxa1 Nd7 $15) (16. a3 $16) 16... Ra5 $11 17. Be2 cxd4 (17... Nc6 {feels hotter.} 18. a4 bxa3 19. Rxa3 Rxa3 20. bxa3 cxd4 21. Bb5 dxe3+ 22. fxe3 Na5) 18. Nxd4 Bxd4 19. exd4 Nc6 20. Nd3 Rha8 (20... Kd6 {keeps more tension.} 21. Rhc1 Nxd4 22. Nxb4 Rb8) 21. Ke3 (21. Rhc1 {is more complex.} Nxd4 22. Bd1 Rb8 23. Rc5) 21... Rxa2 22. Rxa2 Rxa2 23. Rc1 Na5 24. Nxb4 Rxb2 25. Nd3 Nc4+ {[%emt 0:00:30] [#]} 26. Rxc4 $1 Rxe2+ 27. Kxe2 dxc4 {[%emt 0:00:30][%mdl 4096] Endgame KB-KN} 28. Nb4 Kd6 29. Kd2 f6 (29... f5 $11) 30. Kc3 Bf7 31. Nc2 Kc6 32. Na3 Bd5 33. g3 ({Of course not} 33. Nxc4 $6 Bxg2 34. f4 Bf3 $11) 33... Be6 34. Nxc4 Kd5 35. f3 Kc6 36. Ne3 Kd6 37. Kd3 f5 {[%emt 0:00:30] [#]} (37... g6 $16) 38. h4 (38. g4 $1 $18 g6 39. gxf5 gxf5 40. f4) 38... h6 {[%emt 0:00:30] [#]} (38... g6 $16 {was called for.}) 39. h5 (39. g4 $1 $18 fxg4 40. fxg4) 39... f4 $14 40. gxf4 {[%emt 0:00:30] Black must now prevent Ke4.} Bf7 $2 {[%emt 0:00:30][%mdl 8192] A mistake that costs the game.} (40... Ba2 $16 41. Nc4+ Kd5) 41. Nf5+ $18 Ke6 42. Ke4 Kf6 43. Ng3 {[%emt 0:00:30] Hoping for d5.} Bb3 44. f5 {[%emt 0:00:30] d5 would kill now.} Bc2+ 45. Kf4 Bd1 46. d5 Ke7 47. Ne4 Kd7 48. Nc3 Bb3 49. Ke5 Ke7 50. f4 Bc2 51. d6+ (51. Ne4 $142 Bd1 52. f6+ gxf6+ 53. Nxf6 Kd8 54. Ke6 Bc2 55. Ng8 Bd1 56. f5) 51... Kf7 52. Nd5 {[%emt 0:00:30] White mates.} Ba4 53. f6 gxf6+ 54. Nxf6 Bd1 55. Nd5 Ke8 56. f5 Kd8 57. Nf6 Be2 58. Ke6 Bc4+ 59. Nd5 Be2 60. d7 Bxh5 61. Nb4 Bf3 62. f6 {[%emt 0:00:30] Weighted Error Value: White=0.20 (precise) /Black=0.35} 1-0

[Event "3rd VIZAG GM-Open 2022"]
[Site "Visakapatnam"]
[Date "2022.06.13"]
[Round "5.15"]
[White "Baghdasaryan, Vahe"]
[Black "Fedorov, Alexei"]
[Result "1/2-1/2"]
[ECO "B33"]
[WhiteElo "2267"]
[BlackElo "2529"]
[Annotator "TA"]
[PlyCount "109"]
[EventDate "2022.06.13"]
[EventType "swiss"]
[EventCountry "IND"]
[SourceTitle "playchess.com"]
[Source "ChessBase"]
[SourceQuality "1"]
[TimeControl "5400+30"]

1. e4 c5 2. Nf3 Nc6 3. d4 cxd4 4. Nxd4 Qb6 5. Nb3 Nf6 6. Nc3 e6 7. Be3 Qc7 8. f4 d6 9. Qf3 a6 {[%emt 0:00:30] B33: Sicilian: Pelikan and Sveshnikov Variations.} 10. g4 b5 ({Black should try} 10... d5 $11) 11. g5 {[%emt 0:00:30] White is more active.} Nd7 {[%emt 0:00:30] [#] White is slightly better.} 12. Bh3 $146 (12. a3 $14) ({Predecessor:} 12. O-O-O Bb7 13. Qh3 b4 14. Na4 Rc8 15. Bd3 Be7 16. g6 Nf6 17. gxf7+ Kxf7 18. Rhg1 {1-0 (25) Anton Guijarro,D (2688)-Vishnu,P (2476) Chess.com INT 2020}) 12... Nb6 13. Bxb6 Qxb6 14. O-O-O Be7 (14... a5 $5 ) 15. Rhe1 O-O 16. Nd5 exd5 17. exd5 Ne5 18. fxe5 Bxg5+ 19. Kb1 dxe5 20. Rxe5 ({Better is} 20. Bxc8 $11 Raxc8 21. Rxe5) 20... Bf6 (20... Qf6 $15 21. Qxf6 gxf6) 21. Rh5 Bb7 22. Rxh7 $2 g6 $2 {[%emt 0:00:30] [#]} ({Black should play} 22... Kxh7 $19 23. Qh5+ Kg8) 23. Nc5 $1 $11 {[%emt 0:00:30] And now Nd7 would win.} Bxb2 $1 ({Don't play} 23... Qxc5 {[#]} 24. Qxf6 $1 Kxh7 25. Rd4 Qxd4 26. Qxd4 $16) 24. Nd7 (24. Kxb2 $5 Kxh7 25. Rd4 Qxc5 26. Qf6 Qxd4+ 27. Qxd4 $11) 24... Qd6 $1 25. Rh4 {[%emt 0:00:30] The board is on fire.} Bg7 {[%emt 0:00:30] aiming for ...Rfd8.} (25... Qe7 $2 26. Re4 Qa3 27. Rd3 $18 (27. Qxa3 Bxa3 28. Re3 Bd6 $16)) 26. Nxf8 Rxf8 27. Qg3 $1 Be5 28. Qe3 Re8 29. Bg2 Rc8 30. Re1 ({Stronger than} 30. Qh6 Qa3 31. Rdd4 Rc4 32. Qh7+ Kf8 33. Qh6+ Bg7 $19) 30... Bc3 {[%emt 0:00:30] This bishop pair is nice.} 31. Qe7 Qxe7 {[%emt 0:00:30][%mdl 64] Remove Defender} 32. Rxe7 Bf6 {[%emt 0:00:30][%csl LRe7,LRh4] [#]} 33. Rxb7 Bxh4 {[%emt 0:00:30][%mdl 4096] Endgame KRB-KRB} 34. d6 Rd8 35. d7 Kf8 36. Bc6 Bf2 {[%emt 0:00:30] Inhibits Rb6.} 37. a4 bxa4 38. Bxa4 Ke7 39. c4 Kd6 40. Kc2 Bc5 41. Kd3 Rh8 42. h4 Bf2 43. Rb2 Bxh4 44. Rb6+ Kc7 45. c5 Rh5 {[%emt 0:00:30] The position is equal.} 46. Rxa6 Rxc5 47. Ra8 Rd5+ 48. Ke4 Rd6 49. Rc8+ Kb6 50. Rf8 f5+ 51. Ke3 Bg5+ 52. Kf3 Ka5 53. Bc2 {[%emt 0:00:30] Inhibits Rd3+.} Kb4 54. Rg8 Rxd7 55. Rxg6 {[%emt 0:00:30] Weighted Error Value: White=0.24 (precise) /Black=0.18 (very precise)} 1/2-1/2

[Event "3rd VIZAG GM-Open 2022"]
[Site "Visakapatnam"]
[Date "2022.06.13"]
[Round "5.16"]
[White "Azaladze, Shota"]
[Black "Sriansh Das"]
[Result "1-0"]
[ECO "A07"]
[WhiteElo "2420"]
[BlackElo "1731"]
[Annotator "TA"]
[PlyCount "109"]
[EventDate "2022.06.13"]
[EventType "swiss"]
[EventCountry "IND"]
[SourceTitle "playchess.com"]
[Source "ChessBase"]
[SourceQuality "1"]
[TimeControl "5400+30"]

1. Nf3 d5 2. g3 Nc6 3. Bg2 e5 4. d3 Nf6 5. O-O Be7 6. c3 {[%emt 0:03:52] A07: Réti Opening: New York and Capablanca Systems.} h6 7. b4 a6 8. a3 {[%emt 0:01:34] The position is equal.} Be6 9. Qc2 O-O 10. Nbd2 {[%emt 0:00:04] [#]} Nh7 $146 ({Predecessor:} 10... Qd7 11. Bb2 Bh3 12. Rad1 Bxg2 13. Kxg2 Rfe8 14. e4 dxe4 15. dxe4 Qe6 16. c4 Red8 {1-0 (63) Volkov,S (2620)-Timofeev,A (2575) chessassistantclub.com INT 2004}) 11. c4 f6 12. cxd5 Bxd5 13. Bb2 Qd7 14. Rac1 Rac8 15. Rfd1 Rfd8 16. Ne4 Ng5 17. Nexg5 hxg5 18. e4 Be6 19. d4 exd4 20. Nxd4 Nxd4 21. Rxd4 Qb5 22. Rxd8+ Rxd8 23. e5 {[%emt 0:00:51] Hoping for exf6.} f5 24. Qxc7 Qe2 {[%emt 0:00:40] [#]} (24... Kf7 $14) 25. Bf1 $1 $16 Qxb2 26. Rc2 ({Don't play} 26. Qxe7 $6 Qxc1 27. Qxd8+ Kh7 $11) 26... Qb3 27. Qxe7 Qxc2 28. Qxd8+ {[%emt 0:00:33][%mdl 4096] Endgame KQB-KQB} Kh7 29. Qxg5 {[%emt 0:00:27] Qh5+ is the strong threat.} Qd1 {[%emt 0:00:06] Prevents Qh5+.} 30. h4 Kg8 31. Qf4 {[%emt 0:02:45] Against Bc4} b5 (31... b6 {is a better defense.} 32. Kg2 b5) 32. Kg2 $18 Bd5+ 33. f3 $1 Qc2+ 34. Kg1 $2 ({White must play} 34. Kh3 $1 $18) 34... Qd1 {[%emt 0:00:30] [#]} (34... Qb1 $14 35. Kg2 Qb2+ 36. Kh3 Qa1) 35. Kf2 $1 $16 ({Of course not} 35. Qxf5 $6 Bc4 $11) 35... Qc2+ {[%emt 0:00:31] [#]} 36. Be2 $1 Bc4 37. Qe3 {[%emt 0:00:02] aiming for e6.} Kf7 38. g4 g6 39. h5 g5 $2 (39... fxg4 40. fxg4 gxh5) 40. gxf5 $18 Bxe2 41. Qxe2 Qxf5 {[%emt 0:00:12] KQ-KQ} 42. Qe4 {[%emt 0:00:08] White mates.} Qh3 43. Qg6+ Kf8 44. Qxg5 Qh2+ 45. Ke3 Qh1 46. Ke4 Qb1+ 47. Kd5 Qb3+ 48. Kc5 Qc4+ 49. Kb6 Qe6+ 50. Ka5 Qc8 51. Qf6+ Kg8 52. h6 Qc7+ 53. Qb6 Qc3 54. Qg6+ Kh8 55. Qg7# {[%emt 0:06:00] Weighted Error Value: White=0.15 (very precise) /Black=0.33} 1-0

[Event "3rd VIZAG GM-Open 2022"]
[Site "Visakapatnam"]
[Date "2022.06.13"]
[Round "5.17"]
[White "Pawar, Harshit"]
[Black "Hossain, Enamul"]
[Result "1/2-1/2"]
[ECO "B13"]
[WhiteElo "1961"]
[BlackElo "2413"]
[Annotator "TA"]
[PlyCount "133"]
[EventDate "2022.06.13"]
[EventType "swiss"]
[EventCountry "IND"]
[SourceTitle "playchess.com"]
[Source "ChessBase"]
[SourceQuality "1"]
[TimeControl "5400+30"]

1. d4 d5 2. Nf3 Nf6 3. Bf4 c5 4. e3 cxd4 5. exd4 Nc6 6. c3 g6 7. Bd3 Bg7 8. h3 O-O 9. Nbd2 Nd7 10. O-O {[%emt 0:05:57] B13: Caro-Kann: Exchange Variation and Panov-Botvinnik Attack.} f6 (10... e5 $11 11. Nxe5 Ndxe5 12. dxe5 Nxe5) 11. Qb3 $16 {[%emt 0:03:41] [#]} e6 $146 ({Predecessor:} 11... Nb6 12. Rfe1 Re8 13. Rad1 Kh8 14. Qc2 e5 15. dxe5 fxe5 16. Bg5 Qd6 17. Nf1 Rf8 {1-0 (56) Tomilova,E (2300)-Nasybullina,A (2162) Sochi 2017}) 12. Rae1 {[%emt 0:13:16] White is better.} Re8 13. Re2 {[%emt 0:02:00] White is much more active. The black rooks are badly placed.} Nb6 14. Rfe1 Bd7 15. h4 Rc8 16. Qa3 Bf8 17. Bd6 Bxd6 18. Qxd6 Qc7 19. Qc5 Nd8 20. Qb4 a5 (20... Nf7 $11 {remains equal.}) 21. Qb3 (21. Qxa5 $16 Ra8 22. Qb4 (22. Qc5 Nc6 $11)) 21... Ba4 (21... a4 $14 {might be stronger.} 22. Qc2 Re7) 22. Qa3 Qe7 23. Qxe7 Rxe7 24. Nb3 Bxb3 25. axb3 a4 (25... Kf7 $14) 26. bxa4 Nxa4 27. Nh2 (27. h5 $16) 27... Nb6 28. Ra1 (28. g4 $16) 28... Kg7 29. Nf3 Nc6 30. Bb5 h5 31. g3 Nd8 32. Bd3 Nd7 33. Bb5 (33. Ra5 $16) 33... Nf8 (33... Nb6 $1 $11 {keeps the balance.}) 34. Ra7 Nf7 35. Nd2 (35. Ne1 $16) 35... Nd6 $14 36. Ba4 Kf7 37. Re1 b5 38. Rxe7+ Kxe7 39. Bb3 Nc4 40. Bxc4 bxc4 $11 {[%emt 0:00:06][%mdl 4096] Endgame KRN-KRN} 41. Rb1 Nd7 42. b3 cxb3 43. Rxb3 Rc6 44. Kf1 Ra6 45. Ke2 Ra2 46. Ke3 e5 47. dxe5 fxe5 48. Nf3 Kd6 49. Rb7 e4 50. Nd4 Ne5 {[%emt 0:00:38][%cal Og6g5] [#] ...g5! is the strong threat.} 51. f3 Rg2 (51... exf3 $1 $15 52. Nxf3 Nc4+ 53. Kd4 Re2) 52. Rb6+ {[%emt 0:01:31] The position is equal.} Kd7 {[%emt 0:01:15] Strongly threatening ...Nc4+.} 53. Rb7+ Kc8 54. Re7 Nxf3 55. Kf4 ({Of course not} 55. Nxf3 Rxg3 56. Kd4 (56. Re8+ $2 Kd7 $19) 56... exf3 $17) 55... Rf2 {[%emt 0:02:40] [#] Threatens to win with ...Nxd4+.} 56. Ke3 Rd2 {[%emt 0:00:36] Hoping for ...Rd3+.} 57. Nxf3 {[%emt 0:00:33] KRN-KR} Rd3+ 58. Kf4 Rxf3+ {[%emt 0:00:03] KR-KR} ({Don't play} 58... exf3 59. Rf7 $15) 59. Ke5 Rxc3 {[%emt 0:02:23] And now ...Rd3 would win.} 60. Kxd5 Rxg3 {[%emt 0:00:19] White must now prevent ...e3.} 61. Rxe4 Kd7 62. Ke5 Rf3 63. Rf4 Rxf4 64. Kxf4 Ke7 65. Ke4 Ke6 66. Kf4 Kf6 67. Ke4 {[%emt 0:02:14] Weighted Error Value: White=0.15 (very precise) /Black=0.17 (very precise)} 1/2-1/2

[Event "3rd VIZAG GM-Open 2022"]
[Site "Visakapatnam"]
[Date "2022.06.13"]
[Round "5.18"]
[White "Baghirova, Khatun"]
[Black "Abdurakhmonov, Mukhammadali"]
[Result "0-1"]
[ECO "B90"]
[WhiteElo "1866"]
[BlackElo "2308"]
[Annotator "TA"]
[PlyCount "118"]
[EventDate "2022.06.13"]
[EventType "swiss"]
[EventCountry "IND"]
[SourceTitle "playchess.com"]
[Source "ChessBase"]
[SourceQuality "1"]
[TimeControl "5400+30"]

1. e4 c5 2. Nf3 d6 3. d4 cxd4 4. Nxd4 Nf6 5. Nc3 a6 6. a4 e5 7. Nb3 h6 {[%emt 0:00:48] 7...Be7 is setting a new trend. B90: Sicilian Najdorf: Unusual White 6th moves, 6 Be3 Ng4 and 6 Be3 e5.} 8. Be2 Be7 9. O-O Nc6 {[%emt 0:00:17] The position is equal.} 10. Kh1 O-O 11. f4 Nb4 {[%emt 0:00:19] [#]} (11... Re8 $142) 12. Bf3 $146 ({Predecessor:} 12. Be3 d5 13. fxe5 Nxe4 14. Nxe4 dxe4 15. Qxd8 Rxd8 16. Bb6 Rf8 17. c3 Nc6 18. Nd2 Nxe5 19. Nxe4 {0-1 (60) Protosovich,A-Vydeslaver,A (2350) Beersheba 1994}) 12... Be6 13. Be3 Rc8 14. Rf2 Qc7 (14... exf4 $11 15. Bxf4 Qb6) 15. f5 Bc4 16. Nd2 d5 17. exd5 (17. Nxc4 $15 d4 18. b3) 17... Bxd5 $17 18. Rc1 Rfd8 {[%emt 0:00:00][%cal Oe5e4] [#] Strongly threatening ...e4!} 19. Qg1 Bxf3 ({Black should play} 19... Qd7 $17 20. Bb6 Re8) 20. gxf3 $15 {[%emt 0:07:47] Threatens to win with Bxh6.} Kh8 {[%emt 0:00:00] White must now prevent ...Nbd5.} 21. Rg2 Rg8 22. Nde4 Qd7 23. Ng3 Nbd5 24. Nxd5 Qxd5 25. Qf2 Rc4 $36 {[%emt 0:00:00][%mdl 2048] White is under strong pressure.} 26. b3 Rc3 {[%emt 0:00:00] ...Rgc8 is the strong threat. Black is more active.} 27. Ne2 Rc6 28. Qg3 e4 29. Nd4 $2 {[%emt 0:03:00] [#] Loses the game.} (29. fxe4 $17 {was worth a try.} Qxe4 30. c3) 29... Rc3 $1 $19 30. f4 Bc5 31. Rd1 Bxd4 32. Rxd4 Qxf5 33. Rd6 Kh7 {[%emt 0:00:00] Hoping for ...Nd5.} 34. Qe1 Rc6 35. Rdd2 b5 36. axb5 axb5 ({Weaker is} 36... Qxb5 37. Bd4 $17) 37. Qh4 Rc3 38. Rg5 (38. Qe1 $142) 38... Qc8 39. Bd4 (39. Rg3 $142 Rxc2 40. Rd1) 39... Rxc2 40. Rxc2 Qxc2 41. Bxf6 Qd1+ 42. Kg2 Qf3+ 43. Kg1 e3 44. Bxg7 Qf2+ 45. Qxf2 exf2+ 46. Kxf2 hxg5 {[%emt 0:00:00][%mdl 4096] Endgame KR-KB} 47. Be5 Kg6 {[%emt 0:00:00] ( -> ...Kf5)} 48. fxg5 Kxg5 {[%emt 0:00:00] Black mates.} 49. Ke3 Kf5 50. Bg3 Rd8 51. b4 Kg4 52. Ke4 f5+ 53. Ke5 f4 54. Bf2 f3 55. Ke4 Re8+ 56. Kd3 Kh3 57. Bg3 Kg2 58. Kd4 Rc8 59. Kd5 Rc4 {[%emt 0:00:04] Weighted Error Value: White=0.51/Black=0.06 (flawless)} 0-1

[Event "3rd VIZAG GM-Open 2022"]
[Site "Visakapatnam"]
[Date "2022.06.14"]
[Round "6.1"]
[White "Amonatov, Farrukh"]
[Black "Abdyjapar, Asyl"]
[Result "1-0"]
[ECO "C95"]
[WhiteElo "2622"]
[BlackElo "2346"]
[Annotator "TA"]
[PlyCount "101"]
[EventDate "2022.06.13"]
[EventType "swiss"]
[EventCountry "IND"]
[SourceTitle "playchess.com"]
[Source "ChessBase"]
[SourceQuality "1"]
[TimeControl "5400+30"]

1. e4 e5 2. Nf3 Nc6 3. Bb5 a6 4. Ba4 Nf6 5. O-O Be7 6. Re1 b5 7. Bb3 O-O 8. h3 d6 9. c3 Nb8 10. d4 Nbd7 11. Nbd2 Bb7 12. Bc2 Re8 13. Nf1 Bf8 14. Ng3 g6 15. a4 Bg7 16. Bd3 c6 {[%emt 0:00:04] C95: Closed Ruy Lopez: Breyer Variation with 10 d4.} 17. Bg5 {[%emt 0:00:27] 17.Be3 is not played anymore.} Nf8 18. Qd2 Qc7 {[%emt 0:00:43] White is slightly better.} 19. b4 {[%emt 0:01:08] has lost popularity (19.Bh6).} Ne6 20. Be3 Nd7 21. Bf1 Nb6 22. a5 Nd7 (22... Nc4 $1 $11 23. Bxc4 exd4 24. Bxe6 (24. Nxd4 bxc4 25. Nxe6 Rxe6 $11) 24... dxe3 25. Bxf7+ (25. Qxe3 Rxe6 26. h4 c5 $17) 25... Qxf7 26. Qxe3 c5) 23. dxe5 dxe5 24. c4 Rad8 25. Rad1 {[%emt 0:04:28] [#]} Qb8 $146 ({Predecessor:} 25... Nf6 26. Qc1 Rxd1 27. Rxd1 bxc4 28. Bxc4 c5 29. Bxc5 Nxc5 30. bxc5 Qxa5 31. Ng5 Rf8 32. Nxf7 Rxf7 {1-0 (39) Filippov,D (1486)-Cusu,L (1135) LSS email 2011}) 26. Qc1 Bf8 27. c5 Bg7 28. Bd3 Ndf8 29. Bc2 Nf4 (29... Bc8 $14) 30. Bxf4 $16 exf4 31. Ne2 Bc8 32. Ned4 Qc7 33. e5 $1 g5 (33... Bxe5 $16 34. Nxc6 (34. Rxe5 Rxe5 35. Nxe5 Qxe5 $16) 34... Qxc6 35. Rxe5 Rxd1+ 36. Qxd1 Rxe5 37. Nxe5 Qf6) 34. Nxg5 ({White should play} 34. Bb3 $18) 34... Rxe5 35. Ndf3 {[%emt 0:07:08] White is much more active.} Rxe1+ 36. Rxe1 {[%emt 0:00:30] Black must now prevent Bb3.} h6 37. Ne4 {[%emt 0:00:06] Pair of Knights!} Be6 38. Nd6 Rxd6 39. cxd6 Qxd6 {[%emt 0:00:03] [#]} 40. Qa3 $1 Nd7 (40... Qd5 $16 {keeps fighting.} 41. Qd3 Qc4) 41. Bb3 $18 Bxb3 (41... Nf8 $142) 42. Qxb3 {[%emt 0:00:04] And now Qd1 would win.} Nf6 43. Ne5 Nd5 44. Nd3 {[%emt 0:00:06] Re8+ is the strong threat.} Bc3 45. Re4 Qg6 $2 (45... f3 46. g3 (46. gxf3 h5 $16) 46... Kf8) 46. Re8+ Kh7 47. Qd1 Nxb4 (47... Qf5 $142 48. Ra8 f3 49. Qxf3 Qxf3 50. gxf3 c5 51. bxc5 Bxa5 52. Rxa6 Bc7) 48. Nxb4 Bxb4 49. Qd4 {[%emt 0:00:11][%csl Ge8,LRb4,LRf4][%cal Rd4h8] [#]} Qb1+ 50. Kh2 Bxa5 51. Qf6 {[%emt 0:00:15] Weighted Error Value: White=0.11 (very precise) /Black=0.53} 1-0

[Event "3rd VIZAG GM-Open 2022"]
[Site "Visakapatnam"]
[Date "2022.06.14"]
[Round "6.2"]
[White "Konguvel, Ponnuswamy"]
[Black "Stupak, Kirill"]
[Result "1/2-1/2"]
[ECO "C02"]
[WhiteElo "2331"]
[BlackElo "2440"]
[Annotator "TA"]
[PlyCount "82"]
[EventDate "2022.06.13"]
[EventType "swiss"]
[EventCountry "IND"]
[SourceTitle "playchess.com"]
[Source "ChessBase"]
[SourceQuality "1"]
[TimeControl "5400+30"]

1. e4 e6 2. d4 d5 3. e5 c5 4. c3 Qb6 5. Nf3 Nc6 6. Bd3 cxd4 7. O-O $1 {[%emt 0:00:22][%mdl 4] is now more promising than 7.cxd4. C02: French: Advance Variation.} Bd7 8. Re1 Nge7 9. h4 Rc8 10. Nbd2 dxc3 11. bxc3 Na5 (11... Qc7 $5 ) 12. Rb1 Qc7 13. Nb3 {[%emt 0:01:00] [#]} Nxb3 $146 ({Predecessor:} 13... Nec6 14. Nbd4 Nxd4 15. cxd4 Be7 16. Bg5 Ba3 17. h5 h6 18. Bf4 a6 19. Kh2 b5 {1-0 (100) Jones,G (2670)-Erigaisi,A (2559) Chess.com INT 2020}) 14. axb3 Qxc3 15. b4 a6 16. Be3 Qc7 17. b5 {[%emt 0:16:07] Prevents Nc6.} Bxb5 18. Bxb5+ axb5 19. Rxb5 Nf5 20. Qa4 $1 Qd7 21. Rc1 Rxc1+ (21... Nxe3 $2 22. Rxc8+ Qxc8 23. Rc5+ Kd8 24. Rxc8+ Kxc8 25. Qe8+ Kc7 26. fxe3 $18) 22. Bxc1 {[%emt 0:00:04] And now Qa8+ would win.} Be7 23. Qa8+ Qd8 24. Qxd8+ Bxd8 25. Rxb7 O-O 26. Ba3 Re8 27. Rb8 g6 28. g4 (28. Bb4 $11) 28... Ng7 $15 29. Kg2 Bc7 30. Rb7 Rc8 31. Be7 h5 32. Kg3 hxg4 33. Kxg4 Ne8 34. Ng5 Bxe5 {[%emt 0:07:42] aiming for ...Rc4+.} 35. Nxf7 {[%emt 0:00:05][%mdl 64] Decoy} Kxf7 36. Bd6+ {[%emt 0:00:05] [#]} Kf6 (36... Rc7 $1 $17 37. Rxc7+ Nxc7 38. Bxe5 Nb5) 37. Be7+ $11 {[%emt 0:00:03] The position is equal.} Kf7 38. Bd6+ {[%emt 0:00:03] [#]} Rc7 $1 39. Rxc7+ Nxc7 40. Bxe5 Na6 41. Bd6 $1 {[%emt 0:02:40] Against Nc5} e5 {[%emt 0:01:10] Weighted Error Value: White=0.08 (flawless) /Black=0.09 (flawless)} 1/2-1/2

[Event "3rd VIZAG GM-Open 2022"]
[Site "Visakapatnam"]
[Date "2022.06.14"]
[Round "6.3"]
[White "Audi Ameya"]
[Black "Mitrabha, Guha"]
[Result "1-0"]
[ECO "C54"]
[WhiteElo "2389"]
[BlackElo "2500"]
[Annotator "TA"]
[PlyCount "123"]
[EventDate "2022.06.13"]
[EventType "swiss"]
[EventCountry "IND"]
[SourceTitle "playchess.com"]
[Source "ChessBase"]
[SourceQuality "1"]
[TimeControl "5400+30"]

1. e4 e5 2. Nf3 Nc6 3. Bc4 Bc5 4. c3 Nf6 5. d3 a5 6. O-O {[%emt 0:00:51] C54: Giuoco Piano: 4 c3 Nf6, main lines with 5 d4 and 5 d3.} d6 7. Re1 O-O 8. h3 {[%emt 0:01:20] The position is equal.} h6 9. a4 Be6 10. Bxe6 fxe6 11. Be3 Bxe3 12. Rxe3 Qe8 13. Nbd2 {[%emt 0:00:40] [#]} Kh8 $146 ({Predecessor:} 13... b6 14. d4 exd4 15. cxd4 Nb4 16. Rc1 Rc8 17. Qb3 Kh8 18. Rce1 Qf7 19. Nc4 Nd7 {0-1 (43) Hou,Y (2658)-Bu,X (2700) Shenzhen 2022}) 14. Nf1 Nh5 15. g3 Qf7 16. N1h2 Nf6 17. Qf1 Rae8 18. Rae1 Nd7 19. d4 exd4 20. cxd4 e5 21. dxe5 dxe5 22. Rc1 Re6 23. Qb5 Nb6 24. b3 Rf6 25. Rcc3 Re6 26. Ng4 Qe7 27. Kg2 h5 28. Ngh2 g6 (28... Kg8 $14) 29. h4 Ref6 30. Nf1 Rb8 ({Better is} 30... Nd4 $14 31. Qxa5 c5) 31. N1d2 $16 Nc8 {[%emt 0:00:42] [#]} (31... Rd8 $16 {is a better defense.}) 32. Rxc6 $1 $18 Rxc6 33. Nxe5 (33. Qxe5+ Qxe5 34. Nxe5 Rc2 $14) 33... Re6 34. Ndf3 ({White should try} 34. Nd3 $18) 34... Nd6 $11 35. Qxa5 Re8 (35... Kg8 $1 $11 {remains equal.}) 36. Nd3 $1 $16 {[%emt 0:01:05] Hoping for Nf4. White is more active. Pair of Knights!} Rxe4 {[%emt 0:00:31] [#]} (36... Nxe4 $2 37. Nf4 Qd7 38. Nxe6 Rxe6 39. Ne5 $18) 37. Nf4 $1 $36 {[%emt 0:05:30][%mdl 2048] White is really pushing.} Qg7 {[%emt 0:00:35] [#]} 38. Rxe4 (38. Rd3 $1 $16) 38... Rxe4 $4 {[%emt 0:03:37][%mdl 8192] [#]} (38... Nxe4 $11 39. Ne5 Kh7 40. Nexg6 (40. Nfxg6 Nd6 $11) 40... c5) 39. Ne5 $1 $18 Rxf4 40. gxf4 {[%emt 0:00:04][%mdl 4096] Endgame KQN-KQN} Kh7 41. Nf3 Qd7 42. Qg5 Qe8 $2 (42... Nf7 $16 43. Qf6 Qg4+ 44. Kh2 Qxf3 45. Qxf7+ Kh6) 43. Qe5 Qd7 {[%emt 0:02:22] Strongly threatening ...Qg4+.} 44. Ng5+ Kg8 45. Qe6+ Qxe6 46. Nxe6 $16 {[%emt 0:00:03] Threatens to win with a5. KN-KN} Nf5 (46... Kf7 $142 47. Nxc7 Nf5) 47. Kh3 $18 ({Not} 47. Nxc7 Kf7 $14) 47... Kf7 48. Nxc7 ({Only move:} 48. Nd8+ $18 Ke7 49. Nxb7) 48... Ke7 $16 49. Nb5 Ke6 50. Nc3 Nd4 51. b4 Nc2 $2 (51... Nf5 $16 52. Nd1 Ne7) 52. b5 $18 {[%emt 0:00:32] White is clearly winning.} b6 53. f5+ gxf5 54. Kg3 Ke5 55. Ne2 {[%emt 0:02:13] Against f4+} Na1 {[%emt 0:00:12] [#]} 56. Nd4 {[%emt 0:01:41][%mdl 512] Against Nb3} f4+ (56... Kd5 57. Nxf5) 57. Kf3 Kxd4 58. a5 $1 {[%emt 0:00:02][%mdl 64] Promotion} bxa5 59. b6 a4 60. b7 Nb3 61. b8=Q Kc3 62. Qe5+ {[%emt 0:00:49] Weighted Error Value: White=0.20 (precise) /Black=0.41} 1-0